 Dungeon Crawl Stone Soup version 0.25.1-2-g60ff931df9 (webtiles) character file.

Game seed: 2664138286713304222

286 SSird the Shield-Bearer (level 6, -4/40 HPs)
             Began as a Gargoyle Fighter on Nov 10, 2020.
             Was an Initiate of Okawaru.
             Slain by Prince Ribbit (12 damage)
             ... on level 4 of the Dungeon.
             The game lasted 00:04:31 (3815 turns).

SSird the Shield-Bearer (Gargoyle Fighter)          Turns: 3815, Time: 00:04:31

Health: -4/40      AC: 17    Str: 21    XL:     6   Next: 30%
Magic:  6/6        EV:  4    Int:  9    God:    Okawaru [......]
Gold:   228        SH: 10    Dex:  9    Spells: 5/5 levels left

rFire    . . .     SeeInvis .   a - +0 flail
rCold    . . .     Gourm    .   c - +0 kite shield
rNeg     + . .     Faith    .   l - +0 plate armour
rPois    ∞         Spirit   .   (no helmet)
rElec    +         Reflect  .   m - +0 cloak
rCorr    .         Harm     .   (no gloves)
MR       .....                  (no boots)
Stlth    ..........             (no amulet)
HPRegen  0.13/turn              (no ring)
MPRegen  0.10/turn              (no ring)

@: no status effects
A: negative energy resistance 1, electricity resistance, unbreathing,
petrification resistance, rot immunity, AC +4
a: Renounce Religion


You were on level 4 of the Dungeon.
You worshipped Okawaru.
Okawaru was noncommittal.
You were hungry.

You visited 2 branches of the dungeon, and saw 6 of its levels.

You collected 228 gold pieces.

Inventory:

Hand Weapons
 a - a +0 flail (weapon)
Missiles
 b - 2 javelins (quivered)
 k - 56 bolts
Armour
 c - a +0 kite shield (worn)
 l - a +0 plate armour (worn)
 m - a +0 cloak (worn)
Jewellery
 n - an uncursed ring of ice
Wands
 y - a wand of clouds (3)
Scrolls
 e - a scroll of noise {unknown}
 g - a scroll of immolation {unknown}
 j - 2 scrolls of enchant armour {unknown}
 o - a scroll of fear {unknown}
 p - 2 scrolls of fog {unknown}
 r - 3 scrolls of magic mapping {unknown}
 s - 2 scrolls of identify {unknown}
 v - a scroll of remove curse {unknown}
 w - a scroll of amnesia {unknown}
 x - 2 scrolls of teleportation {unknown}
 A - a scroll of blinking {unknown}
Potions
 d - 2 potions of might
 h - a potion of resistance {unknown}
 i - 3 potions of flight {unknown}
 q - a potion of stabbing {unknown}
 t - a potion of berserk rage {unknown}
 u - a potion of cancellation {unknown}
 z - a potion of curing {unknown}
 B - a potion of ambrosia {unknown}
Comestibles
 f - 10 rations


   Skills:
 * Level 5.4 Fighting
 - Level 2.0 Maces & Flails
 + Level 4.3 Armour
 * Level 5.4 Shields


You had 5 spell levels left.
You didn't know any spells.
Your spell library contained the following spells:

 Spells                   Type           Power        Failure   Level  Hunger
 Corona                   Hex            #......      100%        1    ##.....
 Ensorcelled Hibernation  Hex/Ice        #.....       100%        2    ###....
 Confusing Touch          Hex            #.......     100%        3    ####...
 Dazzling Flash           Conj/Hex       #.....       100%        3    ####...
 Tukima's Dance           Hex            #.......     100%        3    ####...


Dungeon Overview and Level Annotations

Branches:
Dungeon (5/15)             Temple (1/1) D:4

Altars:
Ashenzari
Cheibriados
Dithmenos
Elyvilon
Fedhas
Gozag
Hepliaklqana
Kikubaaqudgha
Makhleb
Nemelex Xobeh
Okawaru
Qazlal
Ru
Sif Muna
Uskayaw
Vehumet
Wu Jian
Xom
Yredelemnul
Zin
The Shining One

Annotations:
D:4 Prince Ribbit


Innate Abilities, Weirdness & Mutations

You are resistant to torment.
Your stone body is resilient. (AC +4)
You are immune to poison.
You resist negative energy. (rN+)
You are resistant to electric shocks. (rElec)
You can survive without breathing.
You are immune to petrification.
You are immune to rotting.


Message History

You block Prince Ribbit's attack. Prince Ribbit hits you!
* * * LOW HITPOINT WARNING * * *
Prince Ribbit hits you but does no damage.
Prince Ribbit says, "You're just another fly to me."
There is a stone staircase leading up here.
You block Prince Ribbit's attack.
Prince Ribbit blinks!
There is a stone staircase leading down here.
There is a stone staircase leading up here.
Prince Ribbit hits you but does no damage.
Prince Ribbit croaks regally.
Prince Ribbit hits you.
* * * LOW HITPOINT WARNING * * *
You see here a +0 halberd.
Prince Ribbit hits you but does no damage.
Prince Ribbit barely misses you.
There is a stone staircase leading down here.
Prince Ribbit hits you but does no damage.
Prince Ribbit hits you!
You die...

...# #.##........##..#
...###............#.##
....#................##
........#..........<..####
...................>..#..#
.........................#
....##...................#
.##...........###F#.(...##
.###..........##@####..##
..##.#......[.....# ##.#
.###.##......##..## ###
^....##......#...#
.###.##...).##...#
.#....#.........##
................#
#..####........##
#..#..........##


You could see Prince Ribbit.

Vanquished Creatures
  A scorpion (D:2)
  A crimson imp (D:3)
  Robin (D:3)
  4 gnolls (D:4)
  3 adders
  An ooze (D:3)
  A worm (D:2)
  An adder skeleton (D:4)
  A dart slug (D:1)
  3 leopard geckos
  8 orcs
  4 giant cockroaches
  22 goblins
  15 hobgoblins
  8 kobolds
  2 quokkas
  2 ball pythons
  6 bats
  5 frilled lizards
  8 rats
97 creatures vanquished.

Notes
Turn   | Place    | Note
-------+----------+-------------------------------------------
     0 | D:1      | SSird the Gargoyle Fighter began the quest for the Orb.
     0 | D:1      | Reached XP level 1. HP: 14/14 MP: 1/1
    82 | D:1      | Reached XP level 2. HP: 19/19 MP: 2/2
   522 | D:1      | Reached XP level 3. HP: 24/24 MP: 3/3
  1156 | D:2      | Noticed a scorpion
  1165 | D:2      | Killed a scorpion
  1165 | D:2      | Reached XP level 4. HP: 26/30 MP: 4/4
  1512 | D:2      | Reached XP level 5. HP: 26/34 MP: 5/5
  2058 | D:3      | Reached skill level 5 in Shields
  2207 | D:3      | Reached skill level 5 in Fighting
  2273 | D:3      | Noticed Robin
  2310 | D:3      | Killed Robin
  2413 | D:3      | Reached XP level 6. HP: 37/40 MP: 6/6
  2561 | D:3      | Found a snail-covered altar of Cheibriados.
  3347 | D:4      | Found a staircase to the Ecumenical Temple.
  3354 | Temple   | Entered the Ecumenical Temple
  3433 | Temple   | Became a worshipper of Warmaster Okawaru
  3759 | D:5      | Entered Level 5 of the Dungeon
  3763 | D:5      | Noticed Prince Ribbit
  3815 | D:4      | Slain by Prince Ribbit

Illustrated notes

Levels and vault maps discovered:
D:1:      dpeg_arrival_round_b, layout_basic
D:2:      layout_loops_ring
D:3:      cheibrodos_greedy_goblins, layout_basic, lemuel_statue_altar,
          uniq_robin
D:4:      layout_cave_pools, minmay_temple_entry_drinking_statues
D:5:      layout_gridville, enter_ossuary_3, first_ration, uniq_prince_ribbit1
Temple:   grunt_wide_crystal_templ

Skill      XL: |  1  2  3  4  5 |
---------------+----------------+-----
Fighting       | 4 5 |  5.4
Shields        | 4 5 |  5.4
Armour         | 4 |  4.3
Maces & Flails | |  2.0

Action                   |  1- 3 |  4- 6 || total
-------------------------+-------+-------++-------
Melee: Flail             |   144 |   349 ||   493
  Eat: Chunk             |     1 |     9 ||    10
Armor: Scale mail        |    13 |       ||    13
       Plate armour      |    72 |   332 ||   404
Dodge: Dodged            |    37 |    80 ||   117
Block: Kite shield       |    83 |   267 ||   350
